 Dungeon Crawl Stone Soup version 0.28.0 (webtiles) character file.

Game seed: 14066522663431282455

9783 Angani the Fighter (level 11, -3/97 HPs)
             Began as a Green Draconian Earth Elementalist on Feb 10, 2022.
             Was a Follower of Uskayaw.
             Slain by a warg (8 damage)
             ... on level 9 of the Dungeon.
             The game lasted 00:28:37 (15369 turns).

Angani the Fighter (DrEE)                          Turns: 15369, Time: 00:28:38

Health: -3/97      AC: 16    Str:  9 (12) XL:     11   Next: 27%
Magic:  19/19      EV: 14    Int: 17 (19) God:    Uskayaw [*.....]
Gold:   626        SH:  0    Dex:  9 (11) Spells: 7/20 levels left

rFire   + + .      SeeInvis .     - Unarmed
rCold   + + .      Faith    +   (no shield)
rNeg    . . .      Spirit   .   (armour unavailable)
rPois   +          Reflect  .   (helmet restricted)
rElec   +          Harm     .   i - +2 cloak
rCorr   +          Rampage  .   n - +2 pair of gloves
Will    .....                   y - +2 pair of boots
Stlth   ++........              t - amulet of faith
HPRegen 0.26/turn               f - ring of protection from cold
MPRegen 0.16/turn               D - ring of protection from fire

@: resistant, attractive
A: breathe noxious fumes, AC +7, unfitting armour, poison resistance,
cold-blooded
a: Breathe Noxious Fumes, Renounce Religion, Stomp


You were on level 9 of the Dungeon.
You worshipped Uskayaw.
Uskayaw was noncommittal.
You visited 1 branch of the dungeon, and saw 10 of its levels.
You also visited: Sewer and Ossuary.

You collected 626 gold pieces.

Inventory:

Hand Weapons
 j - a +2 whip of venom
Missiles
 w - 205 stones
 C - a throwing net
Armour
 i - a +2 cloak (worn)
 n - a +2 pair of gloves (worn)
 y - a +2 pair of boots (worn)
Magical Staves
 e - a staff of cold
Jewellery
 f - a ring of protection from cold (left hand)
 t - an amulet of faith (around neck)
 D - a ring of protection from fire (right hand)
 E - an amulet of the acrobat
Wands
 h - a wand of polymorph (7)
 k - a wand of mindburst (17)
 q - a wand of flame (14)
 H - a wand of acid (2)
 J - a wand of iceblast (12)
 K - a wand of charming (5)
 M - a wand of digging (12)
Scrolls
 a - a scroll of blinking
 d - 3 scrolls of immolation
 g - 12 scrolls of teleportation
 l - 2 scrolls of enchant armour
 m - 5 scrolls of fog
 o - a scroll of holy word
 p - 3 scrolls of fear
 r - a scroll of torment
 u - a scroll of enchant weapon
 G - a scroll of identify
 L - a scroll of magic mapping
Potions
 b - a potion of resistance
 c - 2 potions of invisibility
 x - 3 potions of might
 z - 5 potions of flight
 B - a potion of haste {unknown}
 F - a potion of berserk rage {unknown}
Miscellaneous
 I - a lightning rod (4/4)


   Skills:
 + Level 9.4 Fighting
 + Level 8.2 Dodging
 - Level 1.7 Stealth
 + Level 9.2 Unarmed Combat
 - Level 5.3 Spellcasting
 - Level 0.2 Conjurations
 - Level 5.1 Transmutations
 - Level 3.9 Earth Magic
 - Level 5.0 Poison Magic


You had 7 spell levels left.
You knew the following spells:

 Your Spells              Type           Power      Damage    Failure   Level
a - Sandblast             Erth           34%        2d9       2%          1
b - Passwall              Tmut/Erth      15%        N/A       3%          2
c - Stone Arrow           Conj/Erth      22%        3d8       17%         3
d - Spider Form           Tmut/Pois      21%        N/A       4%          3
e - Ice Form              Ice/Tmut       13%        N/A       43%         4

Your spell library contained the following spells:

 Spells                   Type           Power      Damage    Failure   Level
 Apportation              Tloc           8%         N/A       14%         1
 Ensorcelled Hibernation  Hex/Ice        8%         N/A       21%         2
 Petrify                  Tmut/Erth      19%        N/A       22%         4
 Dazzling Flash           Conj/Hex       10%        N/A       36%         3
 Alistair's Intoxication  Tmut/Pois      14%        N/A       43%         5
 Hailstorm                Conj/Ice       5%         3d4       78%         4
 Iskenderun's Mystic Bla  Conj/Tloc      5%         2d3       78%         4
 Airstrike                Air            2%         N/A       80%         4
 Anguish                  Hex/Necr       2%         N/A       80%         4
 Summon Lightning Spire   Summ/Air       4%         N/A       80%         4
 Lightning Bolt           Conj/Air       2%         1d14      98%         5
 Simulacrum               Ice/Necr       2%         N/A       100%        6
 Starburst                Conj/Fire      2%         6d3       100%        6


Dungeon Overview and Level Annotations

Branches:
Dungeon (10/15)            Temple (0/1) D:6           Sewer (visited)
Ossuary (visited)
   Lair: D:8-11         Orc: D:9-12

Altars:
Nemelex Xobeh
Uskayaw
The Shining One

Shops:
D:8 (


Innate Abilities, Weirdness & Mutations

You can breathe blasts of noxious fumes.
Your lurid green scales are hard. (AC +7)
You cannot fit into any form of body armour.
Your system is resistant to poisons. (rPois)
You are cold-blooded and may be slowed by cold attacks.


Message History

You feel protected. The warg bites you!
* * * LOW HITPOINT WARNING * * *
The warg closely misses you.
Unknown command.
It was a potion of curing.
You feel better. The warg bites you.
* * * LOW HITPOINT WARNING * * *
You can no longer merge with and destroy a victim.
It was a potion of attraction.
You feel attractive to monsters. The warg bites you!
* * * LOW HITPOINT WARNING * * *
You feel better. The warg closely misses you. The warg bites you.
* * * LOW HITPOINT WARNING * * *
Blink to where?
Press: ? - help, Dir - move target
As you read the scroll of blinking, it crumbles to dust.
The warg is attracted toward you. Something is attracted toward you.
You warm up again.
Your +2 cloak unmelds from your body.
Your +2 pair of gloves unmelds from your body.
Your +2 pair of boots unmelds from your body.
There is a stone staircase leading up here.
Okay, then.
Okay, then.
You feel better. The warg bites you.
* * * LOW HITPOINT WARNING * * *
The warg bites you but does no damage. The warg bites you!
* * * LOW HITPOINT WARNING * * *
You can no longer pass through a line of other dancers.
You climb upwards.
Reactivating autopickup.
There is a stone staircase leading down here.
Unknown command.
It was a potion of degeneration.
There was something very wrong with that liquid.
You feel weakened.
You feel dopey.
You feel clumsy. The warg bites you!
You die...

####...............#
####...................
#.......##########...##
#.......#........#)..#.
##.......#........#.).#.
#........#........#)).#.
#........#........#...#.
#.......h#........#...##
#......@.####'#####.....
#.......................
######.............<....
#.<.....###+######.
#.......#........#.
#.......#........##
#.......#..........
##.......#..........
#........#.....>..[.


You could see a warg.

Vanquished Creatures
  A two-headed ogre (D:9)
  A centaur warrior (D:8)
  A deep elf pyromancer (D:8)
  Maurice (D:9)
  A gargoyle (D:8)
  A kobold demonologist (D:6)
  An unseen horror (D:10)
  A troll (D:10)
  A hornet (D:10)
  Sigmund (D:5)
  A shadow (D:9)
  A wraith (D:9)
  A steam dragon (D:8)
  A warg (D:10)
  A water moccasin (D:9)
  An acid dragon (D:9)
  An ice beast (D:7)
  4 orc warriors
  A hornet zombie (D:6)
  5 ogres
  A black bear (D:6)
  A necrophage (D:5)
  2 centaurs
  2 phantoms
  7 kobold brigands
  2 bullfrogs
  2 wyvern zombies
  3 scorpions
  A water moccasin zombie (D:7)
  4 gnoll sergeants
  A water moccasin skeleton (D:3)
  5 killer bees (D:8)
  11 howler monkeys
  A human zombie (Ossuary)
  5 centaur zombies
  9 hounds
  A bullfrog skeleton (D:6)
  2 centaur skeletons (D:5)
  11 orc priests
  3 gnoll shamans (D:6)
  3 iguanas
  14 orc wizards
  A merfolk avatar (Sewer)
  A merfolk siren (Sewer)
  2 killer bee zombies
  3 ogre zombies (Ossuary)
  7 mummies (Ossuary)
  A howler monkey zombie (D:4)
  A howler monkey skeleton (D:6)
  10 gnolls
  3 river rats (Sewer)
  12 adders
  A white imp (D:7)
  An adder skeleton (D:4)
  6 adder zombies (Ossuary)
  A worm (D:4)
  2 dart slugs (D:1)
  31 orcs
  6 bats
  5 endoplasms
  2 giant cockroaches
  4 goblins
  5 hobgoblins
  8 jackals
  5 quokkas
  9 ball pythons
  5 frilled lizards
  4 goblin zombies (Ossuary)
  4 hobgoblin zombies (Ossuary)
  23 kobolds
  3 kobold zombies (Ossuary)
  An orc zombie (Ossuary)
  4 quokka zombies (Ossuary)
  22 rats
  2 rat zombies (Ossuary)
313 creatures vanquished.

Vanquished Creatures (others)
  A plant (D:6)
1 creature vanquished.

Grand Total: 314 creatures vanquished

Notes
Turn   | Place    | Note
-------+----------+-------------------------------------------
     0 | D:1      | Angani the Draconian Earth Elementalist began the quest for
                  | the Orb.
     0 | D:1      | Reached XP level 1. HP: 14/14 MP: 3/3
   263 | D:1      | Reached XP level 2. HP: 20/20 MP: 3/5
   621 | D:1      | Learned a level 2 spell: Passwall
  1127 | D:1      | Found a faded altar of an unknown god.
  1134 | D:1      | Prayed at the altar of an unknown god.
  1134 | D:1      | Became a worshipper of Uskayaw the Reveller
  1134 | D:1      | Reached * piety under Uskayaw
  1173 | D:1      | Reached XP level 3. HP: 26/26 MP: 4/6
  1477 | D:2      | Learned a level 3 spell: Stone Arrow
  1531 | D:2      | Reached ** piety under Uskayaw
  2386 | D:2      | Found a glowing golden altar of the Shining One.
  2747 | D:3      | Reached XP level 4. HP: 33/33 MP: 4/8
  2842 | D:3      | Learned a level 3 spell: Spider Form
  3302 | D:4      | Reached skill level 1 in Poison Magic
  3302 | D:4      | Reached XP level 5. HP: 34/38 MP: 6/10
  3600 | D:4      | Reached XP level 6. HP: 40/45 MP: 8/11
  3994 | D:4      | Reached *** piety under Uskayaw
  3997 | D:4      | Reached **** piety under Uskayaw
  4517 | D:5      | Entered Level 5 of the Dungeon
  4534 | D:5      | Found a sand-covered staircase.
  4543 | Ossuary  | Entered an ossuary
  5732 | Ossuary  | Your scales start taking on a lurid green colour.
  5732 | Ossuary  | Reached XP level 7. HP: 50/50 MP: 2/13
  5732 | Ossuary  | Gained mutation: Your system is resistant to poisons.
                  | (rPois) [Green Draconian growth]
  6281 | Ossuary  | Reached skill level 5 in Poison Magic
  6699 | D:5      | Reached skill level 1 in Unarmed Combat
  6855 | D:5      | Reached skill level 5 in Spellcasting
  6995 | D:5      | Learned a level 4 spell: Ice Form
  7308 | D:5      | Noticed Sigmund
  7335 | D:5      | Killed Sigmund
  7336 | D:5      | Reached skill level 5 in Transmutations
  7336 | D:5      | Reached XP level 8. HP: 57/57 MP: 12/16
  7490 | D:5      | Reached skill level 1 in Fighting
  7694 | D:6      | Found a glowing drain.
  7760 | Sewer    | Entered a sewer
  8427 | D:6      | Reached ***** piety under Uskayaw
  8636 | D:6      | Reached XP level 9. HP: 65/71 MP: 14/17
  8655 | D:6      | Found a staircase to the Ecumenical Temple.
  8680 | D:6      | Reached skill level 5 in Unarmed Combat
  8795 | D:6      | Noticed a kobold demonologist
  8811 | D:6      | Killed a kobold demonologist
  9492 | D:6      | Reached skill level 5 in Fighting
  9861 | D:6      | Reached skill level 5 in Dodging
 10520 | D:6      | Reached ****** piety under Uskayaw
 10839 | D:7      | Reached XP level 10. HP: 81/84 MP: 15/18
 11879 | D:8      | Found Laejaor's Weapon Boutique.
 12036 | D:8      | Noticed a deep elf pyromancer
 12038 | D:8      | Noticed a gargoyle
 12056 | D:8      | Killed a deep elf pyromancer
 12067 | D:8      | Killed a gargoyle
 12271 | D:8      | Noticed a centaur warrior
 12283 | D:8      | Killed a centaur warrior
 13287 | D:9      | Found a sparkling altar of Nemelex Xobeh.
 13293 | D:9      | Noticed a two-headed ogre
 13300 | D:9      | Killed a two-headed ogre
 13966 | D:9      | Reached XP level 11. HP: 94/95 MP: 15/19
 14148 | D:9      | Noticed Maurice
 14155 | D:9      | Killed Maurice
 14488 | D:10     | Entered Level 10 of the Dungeon
 15362 | D:10     | HP: 2/116 [warg (13)]
 15369 | D:9      | Slain by a warg

Illustrated notes

Levels and vault maps discovered:
D:1:      minmay_arrival_stone_box, layout_basic, basic_ecumenical_altar,
          hangedman_decor_riveting
D:2:      layout_basic, basic_altar
D:3:      layout_basic, kennysheep_generic_room_12
D:4:      layout_basic
D:5:      layout_gridville, nicolae_ossuary_entry_monument,
          grunt_decor_arrowhead, uniq_sigmund
D:6:      lemuel_castle_with_subvaults [lemuel_castle_interior_carwin_3],
          layout_loops_ring, minmay_temple_entry_gardened_gates,
          gup_sewer_entry_glass
D:7:      layout_cave_pools, minmay_misc_feat_alley
D:8:      layout_loops_corners, serial_shops, nicolae_square_shop,
          hangedman_decor_clover_reticule, abandoned_shop, minmay_radiant
D:9:      layout_irregular_city, nemelex_xobeh_ov_fountains_minmay, uniq_maurice
D:10:     layout_roguey, erik_lair_orcish_takeover, columned_hall_lemuel

Skill      XL: |  1  2  3  4  5  6  7  8  9 10 11 |
---------------+----------------------------------+-----
Transmutations | 2 3 5 |  5.1
Spellcasting   | 3 4 5 |  5.3
Poison Magic   | 1 2 4 5 |  5.0
Unarmed Combat | 3 4 6 8 9 |  9.2
Fighting       | 3 6 8 9 |  9.4
Dodging        | 3 5 7 8 |  8.2
Stealth        | |  1.7
Conjurations   | |  0.2
Earth Magic    | |  3.9

Action                   |  1- 3 |  4- 6 |  7- 9 | 10-12 || total
-------------------------+-------+-------+-------+-------++-------
Melee: Unarmed           |     5 |    68 |   433 |   296 ||   802
       Club              |    20 |       |       |       ||    20
       Tailslap          |     4 |    24 |    21 |    10 ||    59
       Staff             |       |   131 |     7 |       ||   138
       Punch             |       |     1 |     6 |     4 ||    11
 Cast: Sandblast         |    74 |    59 |     3 |       ||   136
       Stone Arrow       |       |    13 |    21 |       ||    34
       Spider Form       |       |     9 |    35 |     3 ||    47
       Ice Form          |       |       |     2 |    22 ||    24
 Abil: Breathe Noxious F |       |       |    15 |    11 ||    26
       End Transformatio |       |       |     6 |     1 ||     7
  Use: Scroll            |       |     5 |     8 |     2 ||    15
       Potion            |       |       |       |     6 ||     6
 Stab: Sleeping          |       |     5 |     2 |     1 ||     8
       Paralysed         |       |       |    15 |    19 ||    34
       Confused          |       |       |     6 |    10 ||    16
Armor: Skin              |    27 |    60 |    74 |    94 ||   255
Dodge: Dodged            |    53 |   116 |   342 |   174 ||   685
